 Seeded DCSS version 0.30-a0-570-g486de37d69 (webtiles) character file.

Game seed: 3692568010453679489 (custom seed)

13312 wilfster70 the Severer (level 12, -10/110 HPs)
             Began as a Hill Orc Fighter on Dec 29, 2022.
             Was a High Priest of Beogh.
             Mangled by a skeletal warrior
             ... wielding a +0 halberd
              (21 damage)
             ... on level 11 of the Dungeon.
             The game lasted 00:24:08 (11693 turns).

wilfster70 the Severer (Hill Orc Fighter)          Turns: 11693, Time: 00:24:09

Health: -10/110    AC: 17    Str: 24    XL:     12   Next: 4%
Magic:  0/19       EV:  6    Int:  8    God:    Beogh [*****.]
Gold:   612        SH:  5    Dex: 16    Spells: 11/11 levels left

rFire   . . .      SeeInvis .    a - +1 broad axe (flame)
rCold   . . .      Faith    .    c - +0 buckler
rNeg    . . .      Spirit   +    o - +3 plate armour
rPois   .          Reflect  .    (no helmet)
rElec   .          Harm     .    m - +0 cloak
rCorr   .          Rampage  .    (no gloves)
Will    .....                    (no boots) Stlth
                                 p - amulet of guardian spirit
HPRegen 0.38/turn                K - +6 ring of dexterity
MPRegen 0.16/turn                (no ring)

@: no status effects
A: walk on water
a: Renounce Religion, Smiting, Recall Orcish Followers, Give Item to Named
Follower


You were on level 11 of the Dungeon.
You worshipped Beogh.
Beogh was extremely pleased with you.
You visited 1 branch of the dungeon, and saw 11 of its levels.
You also visited: Bailey.

You collected 612 gold pieces.

Inventory:

Hand Weapons
 a - a +1 broad axe of flaming (weapon)
 k - a +4 halberd
 l - a +0 halberd of freezing
 u - the +9 shortbow "Xeonn" {antimagic, +Blink rF- Str+4 Dex+6}
   (You found it on level 4 of the Dungeon)

   It reduces the magical energy of the wielder, and disrupts the spells and
   magical abilities of those it strikes.
   Natural abilities and divine invocations are not affected.
   Str:       It affects your strength (+4).
   Dex:       It affects your dexterity (+6).
   rF:        It makes you vulnerable to fire.
   +Blink:    It lets you blink.
 C - a +4 war axe
Missiles
 g - 6 silver javelins (quivered)
 x - 25 boomerangs
 B - 6 datura-tipped darts
Armour
 c - a +0 buckler (worn)
 e - a +1 chain mail of fire resistance
 m - a +0 cloak (worn)
 o - a +3 plate armour (worn)
Jewellery
 n - a +6 ring of strength
 p - an amulet of guardian spirit (around neck)
 r - a ring of fire
 K - a +6 ring of dexterity (left hand)
Wands
 f - a wand of polymorph (13)
 s - a wand of digging (3)
 E - a wand of roots (8)
 F - a wand of light (5)
 I - a wand of paralysis (3)
 J - a wand of mindburst (7)
Scrolls
 w - 3 scrolls of teleportation
 y - a scroll of butterflies
 z - a scroll of silence
 A - a scroll of magic mapping
 N - a scroll of fear
Potions
 b - 6 potions of magic
 d - 2 potions of might
 h - 4 potions of brilliance
 i - a potion of resistance {unknown}
 j - 2 potions of invisibility
 q - a potion of haste
 t - 3 potions of lignification
 v - 3 potions of curing
 D - a potion of experience
 G - a potion of heal wounds
 H - 2 potions of mutation
 L - a potion of attraction {unknown}
 M - a potion of flight {unknown}


   Skills:
 - Level 11.1 Fighting
 - Level 18.0 Axes
 - Level 6.5 Armour
 - Level 4.0 Shields
 + Level 10.0 Invocations


You had 11 spell levels left.
You didn't know any spells.
Your spell library contained the following spells:

 Spells                   Type           Power      Damage    Failure   Level
 Apportation              Tloc           0%         N/A       100%        1
 Freeze                   Ice            0%         1d3       100%        1
 Magic Dart               Conj           0%         1d3       100%        1
 Call Imp                 Summ           0%         N/A       100%        2
 Cigotuvi's Dreadful Rot  Necr/Pois/Air  0%         N/A       100%        2
 Poisonous Vapours        Pois/Air       0%         N/A       100%        2
 Scorch                   Fire           0%         2d5       100%        2
 Searing Ray              Conj           0%         2d4       100%        2
 Sublimation of Blood     Necr           0%         N/A       100%        2
 Call Canine Familiar     Summ           0%         N/A       100%        3
 Frozen Ramparts          Ice            0%         1d1       100%        3
 Hailstorm                Conj/Ice       0%         3d3       100%        3
 Mephitic Cloud           Conj/Pois/Air  0%         N/A       100%        3
 Portal Projectile        Hex/Tloc       0%         N/A       100%        3
 Vhi's Electric Charge    Tloc/Air       0%         N/A       100%        3
 Flame Wave               Conj/Fire      0%         2d4       100%        4
 Fulminant Prism          Conj/Hex       0%         3d5       100%        4
 Leda's Liquefaction      Hex/Erth       0%         N/A       100%        4
 Petrify                  Tmut/Erth      0%         N/A       100%        4
 Alistair's Intoxication  Tmut/Pois      0%         N/A       100%        5
 Arcjolt                  Conj/Air       0%         1d10      100%        5
 Irradiate                Conj/Tmut      0%         3d11      100%        5
 Summon Cactus Giant      Summ           0%         N/A       100%        6
 Maxwell's Capacitive Co  Air            0%         ∞         100%        8


Dungeon Overview and Level Annotations

Branches:
Dungeon (11/15)            Temple (0/1) D:5             Orc (0/2) D:10
 Bailey (visited)
   Lair: D:8-11

Altars:
Okawaru
Trog


Message History

Beogh accepts your kill.
You hit the skeletal warrior but do no damage.
Your orc warrior misses the skeletal warrior.
You slice the skeletal warrior!! You burn the skeletal warrior.
You destroy the skeletal warrior!
Beogh accepts your kill.
Your orc warrior looks more experienced.
Training target 18.0 for Axes reached!
Your Axes skill increases to level 18!
Your Invocations skill increases to level 10!
You have reached level 12!
You swap places.
The skeletal warrior barely misses you.
You hit the skeletal warrior but do no damage.
The skeletal warrior hits you but does no damage.
You slash the skeletal warrior! You burn the skeletal warrior.
The skeletal warrior is moderately damaged.
Your orc warrior hits the skeletal warrior with a +0 hand axe.
Your orc knight barely misses the skeletal warrior.
The skeletal warrior hits you with a +0 halberd.
* * * LOW HITPOINT WARNING * * *
You barely miss the skeletal warrior.
The skeletal warrior is moderately damaged.
Your orc knight closely misses the skeletal warrior.
Your orc warrior hits the skeletal warrior with a +0 hand axe!
You hit the skeletal warrior. You burn the skeletal warrior.
The skeletal warrior is severely damaged.
The skeletal warrior hits you with a +0 halberd!
* * * LOW HITPOINT WARNING * * *
You hit the skeletal warrior but do no damage.
The skeletal warrior is severely damaged.
Your orc warrior hits the skeletal warrior with a +0 hand axe.
Your orc knight hits the skeletal warrior but does no damage.
The skeletal warrior hits you with a +0 halberd!
* * * LOW HITPOINT WARNING * * *
You closely miss the skeletal warrior.
The skeletal warrior is severely damaged.
Your orc warrior hits the skeletal warrior but does no damage.
Your orc knight hits the skeletal warrior with a +0 falchion.
The skeletal warrior hits you with a +0 halberd!!
You die...

#...# #...# #...#
#..#...# #..#...#
#..#...# #..#oz.##..#
#..#
#..#o@.##..####..#
#..#)..##........#
#.....)##........# .
#......##........###..
#......##.............
#.###..##.............
#.# #..##..[..†.†# #.#
#..##........# #.#
#.)÷÷........#


You could see a skeletal warrior (ally target), a friendly orc knight and a
friendly orc warrior.

Vanquished Creatures
  An orc warlord (Bailey)
  A centaur warrior (D:9)
  3 skeletal warriors (D:11)
  A deep elf pyromancer (D:9)
  A centaur zombie (D:10)
  Maggie (D:7)
  2 trolls
  Prince Ribbit (D:6)
  A hornet (D:11)
  A meliai zombie (D:10)
  2 vampires
  6 yaks
  2 shadows
  2 wraiths (D:10)
  A wyvern (D:8)
  A basilisk (D:11)
  Edmund (D:6)
  Duvessa (D:7)
  A water moccasin (D:8)
  2 sky beasts (D:7)
  A black bear (D:6)
  4 ice beasts
  An ogre (D:6)
  8 orc warriors
  A centaur (D:7)
  A phantom (D:4)
  A kobold brigand (D:9)
  5 necrophages
  4 bullfrogs
  2 gnoll sergeants
  2 scorpions
  14 wights
  Dowan (D:7)
  11 killer bees
  6 howler monkeys
  3 hounds
  A jelly (D:8)
  A gnoll bouda (D:5)
  2 iguanas
  7 orc priests
  15 orc wizards
  Ijyb (D:4)
  Terence (D:2)
  17 gnolls
  9 adders
  A shadow imp (D:7)
  A white imp (D:4)
  4 ufetubi
  2 worms
  5 dart slugs
  26 orcs
  8 bats
  3 endoplasms
  2 giant cockroaches (D:1)
  12 goblins
  12 hobgoblins
  2 quokkas
  6 ball pythons
  2 frilled lizards (D:1)
  23 kobolds
  7 rats
267 creatures vanquished.

Vanquished Creatures (collateral kills)
  A meliai zombie (D:10)
  4 yaks (D:11)
  2 vampire mosquitoes (D:11)
  A gnoll sergeant (D:10)
  2 centaur zombies (D:10)
  2 orc priests (D:10)
  2 orc wizards (D:10)
  A gnoll (D:10)
  6 orcs (D:10)
21 creatures vanquished.

Vanquished Creatures (others)
  An orc wizard (D:11)
  9 orcs (D:10)
  A kobold (D:3)
  A withered plant (D:10)
12 creatures vanquished.

Grand Total: 300 creatures vanquished

Notes
Turn   | Place    | Note
-------+----------+-------------------------------------------
     0 | D:1      | wilfster70 the Hill Orc Fighter began the quest for the
                  | Orb.
     0 | D:1      | Reached XP level 1. HP: 19/19 MP: 1/1
    74 | D:1      | Reached skill level 3 in Axes
   127 | D:1      | Reached XP level 2. HP: 25/27 MP: 2/2
   270 | D:1      | Reached XP level 3. HP: 33/33 MP: 3/3
   658 | D:2      | Found a faded altar of an unknown god.
   898 | D:2      | Noticed Terence
   929 | D:2      | Killed Terence
   930 | D:2      | Reached skill level 4 in Axes
   930 | D:2      | Reached XP level 4. HP: 17/40 MP: 4/4
  1334 | D:3      | Found an iron altar of Okawaru.
  1404 | D:3      | Reached XP level 5. HP: 45/47 MP: 5/5
  1484 | D:3      | Became a worshipper of Beogh the Brigand
  2225 | D:3      | Reached skill level 5 in Axes
  2522 | D:3      | HP: 2/47 [poisoned by an orc wizard]
  2739 | D:4      | Noticed Ijyb
  2747 | D:4      | Killed Ijyb
  2748 | D:4      | Reached XP level 6. HP: 55/55 MP: 6/6
  2852 | D:4      | Reached skill level 5 in Fighting
  2852 | D:4      | Reached skill level 6 in Axes
  3059 | D:4      | Identified the +9 shortbow "Xeonn" {antimagic, +Blink rF-
                  | Str+4 Dex+6}
  3346 | D:5      | Entered Level 5 of the Dungeon
  3360 | D:5      | Noticed an ice beast
  3379 | D:5      | Killed an ice beast
  3380 | D:5      | Reached skill level 5 in Armour
  3380 | D:5      | Reached XP level 7. HP: 24/61 MP: 7/7
  3521 | D:5      | Reached skill level 7 in Axes
  3756 | D:5      | Reached * piety under Beogh
  3792 | D:5      | Reached skill level 8 in Axes
  3881 | D:5      | Found a staircase to the Ecumenical Temple.
  4261 | D:6      | Noticed Prince Ribbit
  4264 | D:6      | Reached XP level 8. HP: 70/70 MP: 8/8
  4276 | D:6      | Killed Prince Ribbit
  4277 | D:6      | Reached skill level 9 in Axes
  4282 | D:6      | Noticed Edmund
  4299 | D:6      | HP: 1/53 [Edmund/+2 flail of draining (4)]
  4302 | D:6      | Killed Edmund
  4625 | D:6      | Reached skill level 10 in Axes
  4705 | D:6      | Reached XP level 9. HP: 76/79 MP: 9/9
  5425 | D:7      | Reached skill level 11 in Axes
  5529 | D:7      | Noticed Maggie
  5545 | D:7      | Killed Maggie
  5639 | D:7      | Reached skill level 12 in Axes
  5655 | D:7      | Found a flagged portal.
  5669 | D:7      | Reached ** piety under Beogh
  5736 | Bailey   | Entered a bailey
  5776 | Bailey   | Noticed an orc warlord
  6298 | Bailey   | Found a runed translucent gate.
  6298 | Bailey   | Found a runed translucent gate.
  6299 | Bailey   | Found a runed translucent gate.
  6319 | Bailey   | Reached skill level 1 in Invocations
  6512 | Bailey   | Killed an orc warlord
  6513 | Bailey   | Reached skill level 13 in Axes
  6513 | Bailey   | Reached XP level 10. HP: 26/91 MP: 10/12
  6825 | D:7      | Noticed Duvessa
  6828 | D:7      | Noticed Dowan
  6839 | D:7      | Killed Duvessa
  6842 | D:7      | Reached skill level 14 in Axes
  6865 | D:7      | Killed Dowan
  7624 | D:8      | Reached skill level 10 in Fighting
  7727 | D:8      | You fall into a shaft and drop 1 floor!
  7766 | D:9      | Reached skill level 5 in Invocations
  8095 | D:8      | Reached *** piety under Beogh
  8488 | D:8      | Reached skill level 15 in Axes
  8849 | D:9      | Reached XP level 11. HP: 57/101 MP: 8/15
  9006 | D:9      | Found a bloodstained altar of Trog.
  9085 | D:9      | Noticed a centaur warrior
  9087 | D:9      | Noticed a deep elf pyromancer
  9103 | D:9      | Killed a deep elf pyromancer
  9106 | D:9      | Killed a centaur warrior
  9107 | D:9      | Reached skill level 16 in Axes
  9352 | D:9      | Reached **** piety under Beogh
  9825 | D:10     | Entered Level 10 of the Dungeon
 10204 | D:10     | Found a staircase to the Orcish Mines.
 10285 | D:10     | Reached skill level 17 in Axes
 11357 | D:11     | Reached ***** piety under Beogh
 11668 | D:11     | Noticed a skeletal warrior
 11671 | D:11     | Noticed a skeletal warrior
 11673 | D:11     | Noticed a skeletal warrior
 11680 | D:11     | Killed a skeletal warrior
 11681 | D:11     | Noticed a skeletal warrior
 11685 | D:11     | Killed a skeletal warrior
 11686 | D:11     | Killed a skeletal warrior
 11687 | D:11     | Reached skill level 18 in Axes
 11687 | D:11     | Reached skill level 10 in Invocations
 11687 | D:11     | Reached XP level 12. HP: 30/110 MP: 5/19
 11693 | D:11     | Mangled by a skeletal warrior

Illustrated notes

Levels and vault maps discovered:
D:1:      minmay_arrival_five_plusses, layout_rooms
D:2:      layout_basic, hellmonk_ecumenical_altar_slurped_away,
          kennysheep_generic_room_9, uniq_terence
D:3:      layout_basic, okawaru_ov_weapons_minmay
D:4:      nicolae_cairo_tiling_very_big, layout_rooms, uniq_ijyb
D:5:      layout_loops_ring, minmay_temple_entry_drinking_statues
D:6:      layout_basic, chequers_garden, hangedman_abyss_or_decor_lesser_grid,
          uniq_edmund, uniq_prince_ribbit1
D:7:      kennysheep_six_static_rooms, layout_basic, enter_bailey_5,
          uniq_duvessa, uniq_maggie
D:8:      layout_loops_cross
D:9:      layout_cave_pools, mainiacjoe_overflow_cross_hatched
D:10:     layout_irregular_city, hiddenorc1_lemuel, serial_undead,
          serial_undead_b, serial_undead_e, serial_undead_e, serial_undead_c,
          hangedman_abyss_or_decor_stagger, minmay_orc_keep
D:11:     layout_long_grid, dpeg_lair_monsters

Skill      XL: |  1  2  3  4  5  6  7  8  9 10 11 |
---------------+----------------------------------+-----
Axes           | 3 4 5 6 8 10 13 15 18 | 18.0
Fighting       | 4 5 6 7 9 10 11 | 11.1
Shields        | 4 |  4.0
Armour         | 4 5 6 |  6.5
Invocations    | 3 6 10 | 10.0

Action                   |  1- 3 |  4- 6 |  7- 9 | 10-12 || total
-------------------------+-------+-------+-------+-------++-------
Melee: War axe           |   106 |   167 |   173 |       ||   446
       Broad axe         |       |       |   134 |   336 ||   470
       Unarmed           |       |       |     3 |       ||     3
Invok: Convert to Beogh  |       |     1 |       |       ||     1
       Smiting           |       |       |       |     1 ||     1
Evoke: Wand              |       |       |     9 |     1 ||    10
  Use: Scroll            |     6 |       |     7 |    12 ||    25
       Potion            |       |       |     5 |     1 ||     6
 Stab: Invisible         |       |       |     1 |     1 ||     2
       Distracted        |       |       |       |     2 ||     2
Armor: Chain mail        |    91 |   139 |   123 |       ||   353
       Scale mail        |     2 |       |       |       ||     2
       Plate armour      |       |       |    91 |   244 ||   335
Dodge: Dodged            |    35 |    70 |   130 |   108 ||   343
Block: Buckler           |    21 |    47 |    55 |    70 ||   193

Table legend: (Time is in decaauts)
 A = Elapsed time spent in this place.
 B = Non-inter-level travel time spent in this place.
 C = Inter-level travel time spent in this place.
 D = Time resting spent in this place.
 E = Time spent auto-exploring this place.
 F = Levels seen in this place.
 G = Mean time per level.
                   A        B        C        D        E       F      G
               +--------+--------+--------+--------+--------+-----+--------+
         Total |  11736 |  11248 |    488 |   3112 |   4670 |  12 |  978.0 |
       Dungeon |  10732 |  10244 |    488 |   2455 |   4670 |  11 |  975.6 |
        Bailey |   1004 |   1004 |      0 |    657 |      0 |   1 | 1004.0 |
               +--------+--------+--------+--------+--------+-----+--------+

Top non-repeatable levels by time:
     D:3: 1517 daAuts
    D:10: 1496 daAuts
     D:6: 1288 daAuts
     D:8: 1220 daAuts
     D:7: 1106 daAuts
  Bailey: 1004 daAuts
     D:9: 980 daAuts
     D:5: 855 daAuts
     D:2: 737 daAuts
     D:4: 694 daAuts
     D:1: 481 daAuts
    D:11: 354 daAuts
